Map: Dusk Towers

Players

ReDPanDa - Winner!

  • Race: Zerg Zerg
  • League: Master

A.I. 1 (Elite)

  • Race: Terran Terran

VOD

Have the link to the VOD?

Description

Time

  • Played on: Nov. 23, 2015, 12:40 p.m.
  • Length: 5:06
Show
View Real Time Build Order
Export as new Build Order

ReDPanDa Zerg - Winner!

Build Orders: Hatch First, Ravager All-In 

Get SALT Encoding   

  12  0:01  Drone  
  13  0:12  Overlord  
  13  0:17  Drone  
  14  0:30  Drone  
  14  0:31  Drone  
  14  0:35  Drone  
  17  0:52  Hatchery  
  17  0:55  Drone  
  17  0:58  Drone  
  18  1:06  Drone  
  19  1:15  Spawning Pool  
  19  1:17  Drone  
  19  1:19  Extractor  
  18  1:28  Drone  
  18  1:30  Extractor  
  18  1:39  Drone  
  19  1:49  Drone  
  20  2:00  Overlord  
  20  2:02  Queen  
  20  2:06  Queen, Zergling x2  
  25  2:09  Metabolic Boost  
  25  2:11  Drone  
  26  2:17  Drone  
  27  2:23  Drone  
  27  2:26  Drone  
  29  2:33  Roach Warren  
  29  2:35  Drone  
  29  2:42  Drone  
  29  2:43  Drone  
  31  2:49  Drone  
  32  2:54  Overlord  
  32  2:58  Overlord  
  32  3:05  Drone  
  32  3:09  Drone x2  
  34  3:13  Roach x2  
  34  3:17  Roach  
  40  3:21  Roach  
  40  3:24  Roach  
  44  3:28  Zergling x2  
  44  3:31  Zergling x2  
  44  3:33  Overlord  
  46  3:35  Ravager  
  46  3:36  Ravager  
  46  3:38  Ravager  
  50  3:41  Ravager  
  50  3:46  Ravager  
  51  3:52  Zergling x2  
  51  3:53  Zergling x10  
  57  3:57  Overlord  
  57  3:58  Zergling x2  
  57  4:02  Zergling x2  
  59  4:03  Zergling x2  
  60  4:16  Zergling x2  
  60  4:17  Zergling x10  
  66  4:21  Overlord  
  65  4:30  Hatchery  
  64  4:33  Zergling x2  
  62  4:42  Zergling x8  
Show
View Real Time Build Order
Export as new Build Order

A.I. 1 (Elite) Terran 

Build Orders:  

Get SALT Encoding   

  12  0:00  SCV  
  13  0:13  SCV  
  14  0:19  Supply Depot  
  14  0:25  SCV  
  15  0:41  Barracks, SCV  
  16  0:53  SCV  
  17  1:05  SCV  
  18  1:17  SCV, Supply Depot  
  19  1:21  Refinery  
  19  1:28  Marine  
  19  1:29  SCV  
  21  1:41  SCV  
  21  1:46  Marine  
  23  1:49  Barracks  
  23  1:53  SCV  
  24  1:56  Refinery  
  24  2:02  Supply Depot  
  24  2:04  Marine  
  24  2:05  SCV  
  26  2:17  SCV  
  26  2:22  Marine  
  28  2:26  Factory  
  28  2:29  SCV  
  29  2:36  Marine  
  30  2:39  Marine  
  30  2:42  SCV  
  32  2:54  Marine, SCV  
  32  2:57  Marine  
  35  3:06  SCV  
  35  3:09  Barracks  
  35  3:11  Marine  
  37  3:18  Barracks Tech Lab, SCV  
  38  3:30  SCV  
  38  3:33  Starport  
  39  3:35  Barracks Tech Lab, Supply Depot  
  39  3:39  Factory Tech Lab  
  39  3:56  Marine, SCV  
  39  3:57  Marine  
  42  4:09  SCV  
  42  4:21  SCV  
  43  4:33  SCV  
  43  4:36  Marine  
  43  4:37  Marine  
  43  4:38  Marine  
  43  4:45  SCV  
  36  4:47  Supply Depot  
Tags
 
Add a new tag
Caveats
  • Supply blocks, unpowered buildings, or Contaminate may cause inaccurate times.
  • Supply counts are checked every 10 seconds.